 Dungeon Crawl Stone Soup version 0.30.0-29-ga12c61a403 (webtiles) character file.

Game seed: 17633391099510443304

20873 Elmgren the Warrior (level 12, 0/190 HPs)
             Began as a Minotaur Berserker on June 22, 2023.
             Was an Elder of Trog.
             Slain by a purple very ugly thing (7 damage)
             ... on level 1 of the Abyss.
             The game lasted 00:21:48 (12057 turns).

Elmgren the Warrior (Minotaur Berserker)           Turns: 12057, Time: 00:21:48

Health: 0/190      AC: 26    Str: 30    XL:     12   Next: 49%
Magic:  0/11       EV:  2    Int:  4    God:    Trog [****..]
Gold:   892        SH:  4    Dex: 11    Spells: 11/11 levels left

rFire   . . .        r - +11 hammer of Blind Justice {venom, Str+4}
rCold   . . .        B - +1 buckler of an ice cave {*Slow +Blink rPois}
rNeg    . . .        z - melded +1 plate armour
rPois   +            (helmet currently unavailable)
rElec   .            l - melded +2 cloak
rCorr   .            e - melded +0 pair of gloves
SInv    +            (boots currently unavailable)
Will    +++..        d - amulet of guardian spirit
Stlth   +            i - ring of willpower
HPRegen 1.51/turn    t - ring of see invisible
MPRegen 0.12/turn

%: slow self (1%), guardian spirit
@: tree-form, strong-willed, regenerating
A: stationary, stasis, torment immunity, boosted hp, (horns 2), (retaliatory
headbutt)
a: Renounce Religion, Evoke Blink, Berserk, Trog's Hand, Brothers in Arms


You were on level 1 of the Abyss.
You worshipped Trog.
Trog was greatly pleased with you.
You were a tree.
You visited 1 branch of the dungeon, and saw 11 of its levels.
You visited the Abyss 1 time.

You collected 892 gold pieces.

Inventory:

Hand Weapons
 r - the +11 hammer of Blind Justice (weapon) {venom, Str+4}
   (You found it on level 5 of the Dungeon)

   Str:       It affects your strength (+4).
Missiles
 m - a boomerang of dispersal (quivered)
 D - a throwing net
Armour
 e - a +0 pair of gloves (melded)
 l - a +2 cloak (melded)
 z - a +1 plate armour (melded)
 B - the +1 buckler of an ice cave (worn) {*Slow +Blink rPois}
   (You found it on level 7 of the Dungeon)

   rPois:     It protects you from poison.
   +Blink:    It lets you blink.
   *Slow:     It may slow you when you take damage.
Jewellery
 a - a +5 ring of evasion
 d - an amulet of guardian spirit (around neck)
 i - a ring of willpower (left branch)
 t - a ring of see invisible (right branch)
 y - a ring of fire
Wands
 k - a wand of flame (13)
 q - a wand of light (18)
 C - a wand of digging (7)
 F - a wand of mindburst (14)
 H - a wand of polymorph (5)
Scrolls
 n - 4 scrolls of butterflies
 o - a scroll of teleportation
 x - 3 scrolls of poison
 J - a scroll of enchant armour
 K - a scroll of silence
 L - a scroll of identify
Potions
 b - a potion of invisibility {unknown}
 c - 2 potions of might {unknown}
 f - 4 potions of cancellation
 g - 6 potions of curing
 h - a potion of heal wounds {unknown}
 j - 3 potions of haste
 p - 2 potions of magic
 s - a potion of degeneration {unknown}
 v - 3 potions of lignification
 w - 3 potions of brilliance {unknown}
 A - 2 potions of attraction
 E - a potion of flight {unknown}
 G - a potion of mutation {unknown}
 I - a potion of ambrosia


   Skills:
 + Level 17.6 Fighting
 - Level 8.4(13.1) Axes
 + Level 15.8(16.6) Maces & Flails
 - Level 2.4 Armour
 - Level 2.1 Dodging


You had 11 spell levels left.
You didn't know any spells.
Your spell library was empty.

Dungeon Overview and Level Annotations

Branches:
Dungeon (11/15) Zot: 25631  Temple (0/1) D:4            Lair (0/5) D:8
    Orc: D:9-12

Altars:
Qazlal

Shops:
D:1 *

Annotations:
D:11 Psyche


Innate Abilities, Weirdness & Mutations

You are a tree.
Your roots penetrate the ground, keeping you stationary.
You cannot be teleported.
You are immune to unholy pain and torment.
Your maximum health is greatly increased.
Your equipment is partially melded.
((You have a pair of horns on your head.))
((You reflexively headbutt those who attack you in melee.))


Message History

The white ugly thing kicks you.
* * * LOW HITPOINT WARNING * * *
The white ugly thing freezes you!!
* * * LOW HITPOINT WARNING * * *
You take 32 damage, and have 27/187 hp.
You now have 4/11 mp.
The flying skull gives a hideous shriek!
You bludgeon the white ugly thing!!
The white ugly thing looks as sick as possible!
You kill the white ugly thing!
Trog accepts your kill. The purple very ugly thing punches you!
* * * LOW HITPOINT WARNING * * *
You take 11 damage, and have 16/190 hp.
You now have 2/11 mp.
You sock the purple very ugly thing!
The purple very ugly thing looks as sick as possible!
A flying skull comes into view.
The flying skull hits you but does no damage.
The flying skull gives a hideous shriek!
You hit the purple very ugly thing.
The flying skull hits you but does no damage.
You block the purple very ugly thing's attack.
You hit the purple very ugly thing.
The purple very ugly thing looks as sick as possible!
The flying skull hits you.
* * * LOW HITPOINT WARNING * * *
A small abomination comes into view.
You block the purple very ugly thing's attack.
You take 2 damage, and have 14/190 hp.
You thump the purple very ugly thing!
The purple very ugly thing looks as sick as possible!
You recover from your berserk rage.
The flying skull hits you.
* * * LOW HITPOINT WARNING * * *
The purple very ugly thing punches you.
* * * LOW HITPOINT WARNING * * *
You take 9 damage, and have 5/190 hp.
You now have 1/11 mp.
Your skin crawls.
You feel strong-willed. The purple very ugly thing punches you!
You die...

. .### #
.... ..
#....###..
#.....#
..xzz#


.uuz # # #u## #u♣# ###.# ... #### # . You could see 2 very ugly things, 2 ugly
things, a small abomination and 3 flying skulls.

Vanquished Creatures
  A catoblepas (D:11)
  The ghost of polpettosauro the Slicer, a journeyman GnRe of Gozag (D:10)
  A boulder beetle (D:11)
  7 two-headed ogres
  A thrashing horror (Abyss:1)
  A skeletal warrior (D:11)
  A large abomination (Abyss:1)
  An orc knight (D:11)
  Pikel (D:6)
  2 ugly things
  A manticore (D:11)
  A wolf spider (D:11)
  A demonic crawler (Abyss:1)
  A rime drake (D:8)
  A komodo dragon (D:9)
  A kobold demonologist (D:11)
  2 efreet (D:11)
  An ancient zyme (Abyss:1)
  3 trolls
  2 wraiths
  8 yaks
  4 shadows
  2 wyverns
  3 vampire mosquitoes (D:10)
  Menkaure (D:5)
  2 small abominations (Abyss:1)
  2 acid dragons (D:11)
  2 water moccasins
  Duvessa (D:6)
  9 ice beasts
  5 orc warriors
  A black bear (D:6)
  3 wolves (D:8)
  3 centaurs
  2 lemures (D:6)
  A phantom (D:6)
  Blork the orc (D:5)
  A kobold brigand (D:8)
  2 bullfrogs
  A gnoll sergeant (D:8)
  3 scorpions
  6 wights
  15 killer bees
  Dowan (D:6)
  9 howler monkeys
  8 jellies
  2 hounds
  2 orc priests
  Crazy Yiuf (D:5)
  A gnoll bouda (D:7)
  2 sleepcaps
  Terence (D:3)
  6 iguanas
  6 orc wizards
  Robin (D:3)
  8 gnolls
  9 adders
  3 white imps
  3 ufetubi
  3 dart slugs
  38 orcs
  4 bats
  4 endoplasms
  5 giant cockroaches
  24 goblins
  8 hobgoblins
  6 jackals
  10 kobolds
  A quokka (D:1)
  3 ball pythons
  7 frilled lizards
  4 rats
289 creatures vanquished.

Vanquished Creatures (others)
  A lurking horror (Abyss:1)
1 creature vanquished.

Grand Total: 290 creatures vanquished

Notes
Turn   | Place    | Note
-------+----------+-------------------------------------------
     0 | D:1      | Elmgren the Minotaur Berserker began the quest for the Orb.
     0 | D:1      | Reached XP level 1. HP: 19/19 MP: 0/0
   164 | D:1      | Reached skill level 4 in Fighting
   174 | D:1      | Found Emeg's General Store.
   188 | D:1      | You fall into a shaft and drop 1 floor!
   266 | D:1      | Reached XP level 2. HP: 25/27 MP: 1/1
  1152 | D:2      | Reached XP level 3. HP: 27/34 MP: 2/2
  1219 | D:2      | Reached ** piety under Trog
  1571 | D:2      | Reached XP level 4. HP: 41/41 MP: 3/3
  1723 | D:2      | Reached skill level 5 in Fighting
  1724 | D:2      | Reached skill level 5 in Axes
  2118 | D:3      | Noticed Robin
  2124 | D:3      | Killed Robin
  2125 | D:3      | Reached XP level 5. HP: 48/48 MP: 4/4
  2144 | D:3      | Reached skill level 6 in Fighting
  2270 | D:3      | Noticed Terence
  2271 | D:3      | Reached *** piety under Trog
  2284 | D:3      | Killed Terence
  2467 | D:3      | Found a faded altar of an unknown god.
  2527 | D:3      | Reached XP level 6. HP: 57/57 MP: 5/5
  3033 | D:4      | Found a staircase to the Ecumenical Temple.
  3703 | D:5      | Entered Level 5 of the Dungeon
  3742 | D:5      | Noticed Blork the orc
  3760 | D:5      | Killed Blork the orc
  3761 | D:5      | Reached skill level 7 in Fighting
  3997 | D:5      | Reached XP level 7. HP: 60/66 MP: 6/6
  4067 | D:5      | Identified the +0 hammer of Karma {antimagic, Str+2}
  4387 | D:5      | Noticed Menkaure
  4394 | D:5      | Killed Menkaure
  4395 | D:5      | Reached skill level 8 in Fighting
  4602 | D:5      | Found a runed translucent door.
  4603 | D:5      | Noticed Crazy Yiuf
  4719 | D:5      | Killed Crazy Yiuf
  4722 | D:5      | Identified the +11 hammer of Blind Justice {venom, Str+4}
  4797 | D:6      | Noticed Pikel
  4809 | D:6      | Killed Pikel
  4810 | D:6      | Reached skill level 9 in Fighting
  4810 | D:6      | Reached XP level 8. HP: 78/78 MP: 3/7
  5023 | D:6      | Reached skill level 5 in Maces & Flails
  5024 | D:6      | Reached skill level 10 in Fighting
  5056 | D:6      | Noticed Duvessa
  5058 | D:6      | Noticed Dowan
  5064 | D:6      | Killed Dowan
  5065 | D:6      | Killed Duvessa
  5066 | D:6      | Reached XP level 9. HP: 64/86 MP: 3/8
  5265 | D:6      | Found a stormy altar of Qazlal.
  5687 | D:6      | Reached skill level 11 in Fighting
  6123 | D:7      | Reached **** piety under Trog
  6475 | D:7      | Identified the +1 buckler of an ice cave {*Slow +Blink
                  | rPois}
  6561 | D:7      | Reached skill level 12 in Fighting
  6708 | D:8      | Found a staircase to the Lair.
  6712 | D:8      | Noticed a rime drake
  6722 | D:8      | Killed a rime drake
  6726 | D:8      | Reached XP level 10. HP: 100/100 MP: 4/9
  7321 | D:8      | Reached skill level 10 in Maces & Flails
  7426 | D:8      | Reached skill level 13 in Fighting
  7455 | D:8      | Noticed a two-headed ogre
  7470 | D:8      | Killed a two-headed ogre
  8512 | D:9      | Reached skill level 14 in Fighting
  8841 | D:9      | Noticed a two-headed ogre
  8841 | D:9      | Noticed a two-headed ogre
  8854 | D:9      | Killed a two-headed ogre
  8855 | D:9      | Reached XP level 11. HP: 111/111 MP: 10/10
  8859 | D:9      | Killed a two-headed ogre
  8920 | D:9      | Noticed a two-headed ogre
  8926 | D:9      | Killed a two-headed ogre
  9127 | D:9      | Noticed a two-headed ogre
  9137 | D:9      | Killed a two-headed ogre
  9138 | D:9      | Reached skill level 15 in Fighting
  9365 | D:10     | Entered Level 10 of the Dungeon
  9413 | D:10     | Found a runed translucent gate.
  9413 | D:10     | Found a runed translucent gate.
  9413 | D:10     | Found a runed translucent gate.
  9414 | D:10     | Noticed polpettosauro's ghost (journeyman GnRe)
 10050 | D:10     | Killed polpettosauro's ghost
 10611 | D:11     | Reached skill level 16 in Fighting
 10679 | D:11     | Noticed a two-headed ogre
 10681 | D:11     | Noticed a brown ugly thing
 10687 | D:11     | Killed a two-headed ogre
 10693 | D:11     | Killed a brown ugly thing
 10774 | D:11     | Identified the +0 robe of the Sun {rElec Will+}
 10779 | D:11     | Noticed a skeletal warrior
 10782 | D:11     | Noticed a catoblepas
 10788 | D:11     | Noticed a wolf spider
 10789 | D:11     | Killed a skeletal warrior
 10790 | D:11     | Reached XP level 12. HP: 51/124 MP: 4/11
 10794 | D:11     | Killed a catoblepas
 11417 | D:11     | Noticed a boulder beetle
 11430 | D:11     | Killed a boulder beetle
 11431 | D:11     | Reached skill level 17 in Fighting
 11431 | D:11     | Reached skill level 15 in Maces & Flails
 11534 | D:11     | Noticed a two-headed ogre
 11539 | D:11     | Killed a two-headed ogre
 11674 | D:11     | Noticed Psyche
 11678 | Abyss:1  | Cast into level 1 of the Abyss (Psyche)
 12040 | Abyss:1  | Noticed a white very ugly thing
 12042 | Abyss:1  | Noticed a white very ugly thing
 12056 | Abyss:1  | HP: 5/190 [purple very ugly thing (5)]
 12057 | Abyss:1  | Slain by a purple very ugly thing

Illustrated notes

Levels and vault maps discovered:
D:1:      lightli_arrival_isolated_outpost, layout_loops_ring, serial_shops,
          shop, minmay_tetromino_l2
D:2:      layout_rooms, grunt_ministairs_12, minmay_increasing_density
D:3:      layout_basic, dreamdust_ecumenical_altar_angels_and_demons,
          grunt_ministairs_1, uniq_robin, uniq_terence
D:4:      layout_rooms, minmay_temple_entry_gardened_gates,
          nicolae_ossuary_entry_plus
D:5:      layout_basic, uniq_menkaure, uniq_crazy_yiuf_cottage,
          uniq_blork_the_orc
D:6:      layout_gridville, grunt_qazlal_sundering, minmay_pentangle,
          uniq_pikel, uniq_duvessa
D:7:      layout_rooms, st_stairs_4
D:8:      layout_basic, hellmonk_lair_entry_icy, minivault_11,
          hangedman_minor_gate_pass
D:9:      layout_loops_ring
D:10:     layout_rooms, ebering_ghost_rock_garden
D:11:     minmay_the_grid_square_5x5_4x4 [minmay_the_grid_square_5x5_one_wall,
          minmay_the_grid_square_5x5_bridge, minmay_the_grid_square_5x5_seven,
          minmay_the_grid_square_5x5_bracketed,
          minmay_the_grid_square_5x5_three_small,
          minmay_the_grid_square_5x5_prize_gold,
          minmay_the_grid_square_5x5_prize_snowflake,
          minmay_the_grid_square_5x5_eight_small, minmay_the_grid_square_5x5_c,
          minmay_the_grid_square_5x5_prize_pseudospiral,
          minmay_the_grid_square_5x5_prize_itemx,
          minmay_the_grid_square_5x5_inner_i, minmay_the_grid_square_5x5_spiral,
          minmay_the_grid_square_5x5_tri_point,
          minmay_the_grid_square_5x5_six_small,
          minmay_the_grid_square_5x5_broken_cross], layout_loops_corners,
          david_orc_5, chequers_serial_rivers_large_a, uniq_psyche
Abyss:1:  base: D:4, spicy_abyss_helpful_harpoons

Skill      XL: |  1  2  3  4  5  6  7  8  9 10 11 12 |
---------------+-------------------------------------+-----
Fighting       | 4 5 6 7 9 10 12 14 16 17 | 17.6
Axes           | 4 5 6 7 8 |  8.4
Maces & Flails | 3 6 9 12 14 15 | 15.8
Armour         | |  2.4
Dodging        | |  2.1

Action                     |  1- 3 |  4- 6 |  7- 9 | 10-12 || total
---------------------------+-------+-------+-------+-------++-------
  Melee: Hand axe          |    73 |   130 |       |       ||   203
         Headbutt          |    13 |    31 |    21 |    64 ||   129
         Punch             |       |     2 |     1 |       ||     3
         War axe           |       |    26 |    30 |       ||    56
         Mace              |       |       |   104 |   320 ||   424
  Throw: Boomerang         |       |     2 |       |       ||     2
 Invoke: Berserk           |     1 |     5 |     6 |    10 ||    22
         Trog's Hand       |       |     1 |     9 |    12 ||    22
    Use: Scroll            |     4 |     5 |     4 |    10 ||    23
         Potion            |       |       |       |     1 ||     1
   Stab: Sleeping          |     2 |       |       |       ||     2
 Armour: Animal skin       |    22 |    12 |       |       ||    34
         Leather armour    |       |    16 |    25 |       ||    41
         Plate armour      |       |       |    31 |   118 ||   149
         Skin              |       |       |       |     4 ||     4
  Dodge: Dodged            |    59 |    75 |    78 |    93 ||   305
  Block: Buckler           |       |       |    16 |    29 ||    45
